 Dungeon Crawl Stone Soup version 0.30-a0-622-gddc90eaa04 (webtiles) character file.

Game seed: 12646958766764631753

76 Leeroy the Ducker (level 4, -4/34 HPs)
             Began as a Barachi Reaver on Jan 10, 2023.
             Shot with a sling bullet by a hobgoblin (6 damage)
             ... on level 3 of the Dungeon.
             The game lasted 00:02:36 (1434 turns).

Leeroy the Ducker (Barachi Reaver)                  Turns: 1434, Time: 00:02:37

Health: -4/34      AC:  6    Str: 13    XL:     4   Next: 32%
Magic:  5/7        EV: 14    Int: 14    God:
Gold:   140        SH:  0    Dex: 18    Spells: 3/7 levels left

rFire   . . .      SeeInvis .    a - +0 falchion
rCold   . . .      Faith    .    (no shield)
rNeg    . . .      Spirit   .    b - +0 leather armour
rPois   .          Reflect  .    (no helmet)
rElec   .          Harm     .    e - +2 cloak
rCorr   .          Rampage  .    (no gloves)
Will    .....                    (no boots)
Stlth   +                        i - amulet of magic regeneration
HPRegen 0.25/turn                h - +6 ring of dexterity
MPRegen 0.50/turn                (no ring)

@: immotile, very slightly contaminated, slow
A: amphibious, slowness 1, strong legs 1, +LOS
a: Hop


You were on level 3 of the Dungeon.
You visited 1 branch of the dungeon, and saw 3 of its levels.

You collected 140 gold pieces.

Inventory:

Hand Weapons
 a - a +0 falchion (weapon)
Armour
 b - a +0 leather armour (worn)
 e - a +2 cloak (worn)
Jewellery
 h - a +6 ring of dexterity (left hand)
 i - an amulet of magic regeneration (around neck)
Scrolls
 d - a scroll of immolation {unknown}
 g - a scroll of fear {unknown}
 j - 3 scrolls of identify {unknown}
 k - 2 scrolls of teleportation {unknown}
 l - a scroll of vulnerability {unknown}
 n - a scroll of poison {unknown}
 o - 2 scrolls of enchant armour {unknown}
Potions
 c - 2 potions of curing {unknown}
 f - 2 potions of lignification {unknown}
 m - a potion of might {unknown}


   Skills:
 - Level 2.4 Fighting
 + Level 4.2 Long Blades
 + Level 4.4 Dodging
 - Level 2.1 Spellcasting
 - Level 3.2 Conjurations


You had 3 spell levels left.
You knew the following spells:

 Your Spells              Type           Power      Damage    Failure   Level
a - Kiss of Death         Conj/Necr      24%        2d7       16%         1
b - Foxfire               Conj/Fire      24%        2x1d5     16%         1
c - Momentum Strike       Conj/Tloc      12%        3d8       22%         2

Your spell library contained the following spells:

 Spells                   Type           Power      Damage    Failure   Level
 Ensorcelled Hibernation  Hex/Ice        2%         N/A       41%         2
 Passwall                 Tmut/Erth      0%         N/A       41%         2
 Hailstorm                Conj/Ice       6%         3d4       41%         3
 Swiftness                Air            1%         N/A       65%         3
 Fireball                 Conj/Fire      3%         3d4       99%         5
 Starburst                Conj/Fire      3%         6d3       100%        6


Dungeon Overview and Level Annotations

Branches:
Dungeon (3/15)

Altars:

Portals:
Abyss: D:1***


Innate Abilities, Weirdness & Mutations

You are amphibious.
You cover ground slowly.
You can hop short distances.
You have an extended range of vision and can be seen from far away.


Message History

The foxfire hits the goblin.
The goblin is heavily wounded.
The hobgoblin closely misses you. The goblin barely misses you.
The hobgoblin hits you with a +0 club.
* * * LOW HITPOINT WARNING * * *
The goblin hits you.
* * * LOW HITPOINT WARNING * * *
You hit the goblin.
You kill the goblin!
The hobgoblin barely misses you. The hobgoblin misses you.
The goblin hits you but does no damage. The hobgoblin closely misses you.
The hobgoblin hits you.
* * * LOW HITPOINT WARNING * * *
The goblin hits you but does no damage.
Items here: )) ? †.
The goblin attacks as you move away! The goblin barely misses you.
Found a Young Poisoner's Handbook.
Casting: Foxfire (safe; 16% risk of failure)
Confirm with . or Enter, or press ? or * to list all spells.
You conjure some foxfire!
The foxfire hits the hobgoblin.
The hobgoblin is lightly wounded.
Your foxfire dissipates!
The hobgoblin wields a +0 sling.
The hobgoblin shoots a sling bullet.
The sling bullet closely misses you.
Casting: Foxfire (safe; 16% risk of failure)
Confirm with . or Enter, or press ? or * to list all spells.
Aiming: Momentum Strike (safe; 22% risk of failure)
Press: ? - help, Dir - move target, f - hobgoblin
Aim: a hobgoblin, wielding a +0 club (lightly wounded, 68% to hit)
The concentrated momentum hits the hobgoblin!
You kill the hobgoblin!
You are unable to move.
The goblin wields a +0 sling.
The goblin shoots a sling bullet.
The sling bullet closely misses you.
Casting: Momentum Strike (safe; 22% risk of failure)
Confirm with . or Enter, or press ? or * to list all spells.
You miscast Foxfire.
You are very lightly contaminated with residual magic.
Nothing appears to happen.
The hobgoblin shoots a sling bullet.
The sling bullet hits you.
You die...

.. . .#.. ########.>..
#.......# #.#####.# #.#
#<..# #.# #####
#########.###
#..@.)g.....#
#.:....####g.###.#####
..........).).†.......
..........))..........
~~~~~.....~~~.~~.~~~.~
~~≈~~~....~~~~~≈~~~~~~~
≈≈ ≈≈.....~~≈≈≈≈≈≈≈≈≈≈≈
≈ ≈~~....~~≈≈≈≈≈≈≈≈≈≈≈
####''#############


You could see a hobgoblin and a goblin.

Vanquished Creatures
  A gnoll (D:3)
  2 adders
  A dart slug (D:3)
  2 ball pythons (D:1)
  2 endoplasms
  3 giant cockroaches
  5 goblins (D:3)
  3 hobgoblins
  3 jackals (D:1)
  A kobold (D:1)
  3 quokkas
  5 bats
  13 frilled lizards (D:1)
  4 rats (D:1)
48 creatures vanquished.

Vanquished Creatures (others)
  A goblin (D:3)
  3 foxfires (D:3)
  10 plants (D:1)
14 creatures vanquished.

Grand Total: 62 creatures vanquished

Notes
Turn   | Place    | Note
-------+----------+-------------------------------------------
     0 | D:1      | Leeroy the Barachi Reaver began the quest for the Orb.
     0 | D:1      | Reached XP level 1. HP: 17/17 MP: 3/3
   118 | D:1      | Reached XP level 2. HP: 23/23 MP: 5/5
   381 | D:1      | Reached XP level 3. HP: 28/28 MP: 6/6
   530 | D:2      | Learned a level 1 spell: Foxfire
   533 | D:2      | Learned a level 2 spell: Momentum Strike
   621 | D:2      | Found a faded altar of an unknown god.
  1404 | D:3      | Reached XP level 4. HP: 28/34 MP: 7/7
  1428 | D:3      | HP: 1/34 [hobgoblin (4)]
  1434 | D:3      | Shot with a sling bullet by a hobgoblin

Illustrated notes

Levels and vault maps discovered:
D:1:      minmay_arrival_glassed_features, layout_rooms, minmay_lizard_king
D:2:      layout_basic, shapermc_ecumenical_altar_mp_ritualfount
D:3:      minmay_goblin_kobold_castle, layout_basic,
          nicolae_overflow_crystal_walls, corexii_hall_statues_x

Skill      XL: |  1  2  3 |
---------------+----------+-----
Dodging        | 3 4 |  4.4
Long Blades    | 4 |  4.2
Fighting       | |  2.4
Spellcasting   | |  2.1
Conjurations   | |  3.2

Action                   |  1- 3 |  4- 6 || total
-------------------------+-------+-------++-------
Melee: Falchion          |   140 |    20 ||   160
 Cast: Foxfire           |       |     3 ||     3
       Momentum Strike   |       |     1 ||     1
Armor: Leather armour    |    51 |    24 ||    75
Dodge: Dodged            |   109 |    67 ||   176

Table legend: (Time is in decaauts)
 A = Elapsed time spent in this place.
 B = Non-inter-level travel time spent in this place.
 C = Inter-level travel time spent in this place.
 D = Time resting spent in this place.
 E = Time spent auto-exploring this place.
 F = Levels seen in this place.
 G = Mean time per level.
                   A        B        C        D        E       F      G
               +--------+--------+--------+--------+--------+-----+--------+
         Total |   1661 |   1654 |      7 |      0 |   1278 |   3 |  553.7 |
       Dungeon |   1661 |   1654 |      7 |      0 |   1278 |   3 |  553.7 |
               +--------+--------+--------+--------+--------+-----+--------+

Top non-repeatable levels by time:
     D:2: 941 daAuts
     D:1: 607 daAuts
     D:3: 113 daAuts
